 Dungeon Crawl Stone Soup version 0.28-a0-792-g75f770b44e (webtiles) character file.

Game seed: 11322417645687906011

154 Grim the Shield-Bearer (level 5, -3/41 HPs)
             Began as a Formicid Fighter on Nov 3, 2021.
             Slain by Crazy Yiuf (6 damage)
             ... on level 4 of the Dungeon.
             The game lasted 00:04:43 (3306 turns).

Grim the Shield-Bearer (Formicid Fighter)           Turns: 3306, Time: 00:04:44

Health: -3/41      AC:  6    Str: 20    XL:     5   Next: 63%
Magic:  5/5        EV:  9    Int:  8    God:
Gold:   98         SH:  5    Dex: 11    Spells: 4/4 levels left

rFire   . . .      SeeInvis +   a - +0 trident
rCold   . . .      Faith    .   c - +0 buckler
rNeg    . . .      Spirit   .   b - +0 scale mail
rPois   .          Reflect  .   (helmet unavailable)
rElec   .          Harm     .   (no cloak)
rCorr   +          Rampage  .   (no gloves)
Will    .....                   (no boots)
Stlth   ..........              (no amulet)
HPRegen 0.13/turn               e - ring of resist corrosion
MPRegen 0.09/turn               (no ring)

@: lethally poisoned (-3 -> -7)
A: permanent stasis, dig shafts and tunnels, antennae 3, four strong arms
a: Dig, Shaft Self


You were on level 4 of the Dungeon.
You visited 1 branch of the dungeon, and saw 4 of its levels.

You collected 98 gold pieces.

Inventory:

Hand Weapons
 a - a +0 trident (weapon)
 m - a +0 halberd
Missiles
 n - a throwing net
Armour
 b - a +0 scale mail (worn)
 c - a +0 buckler (worn)
Jewellery
 e - a ring of resist corrosion (left hand)
 l - a ring of poison resistance
Scrolls
 o - a scroll of amnesia {unknown}
Potions
 d - 3 potions of might
 f - 4 potions of curing {unknown}
 g - 2 potions of degeneration {unknown}
 h - 2 potions of flight {unknown}
 i - a potion of haste {unknown}
 j - a potion of lignification {unknown}
 k - a potion of resistance {unknown}
 p - 2 potions of heal wounds {unknown}


   Skills:
 - Level 3.2 Fighting
 * Level 4.6 Polearms
 - Level 3.2 Armour
 - Level 4.8 Shields


You had 4 spell levels left.
You didn't know any spells.
Your spell library was empty.

Dungeon Overview and Level Annotations

Branches:
Dungeon (4/15)
 Temple: D:4-7

Altars:
Ashenzari
Uskayaw

Shops:
D:1 (

Annotations:
D:4 Crazy Yiuf


Innate Abilities, Weirdness & Mutations

You cannot be hasted, slowed, berserked, paralysed or teleported.
You can dig through walls and to a lower floor.
You have a pair of large antennae on your head. (SInv)
Your four strong arms can wield two-handed weapons with a shield.


Message History

Found a mace.
Found a runed translucent door.
Crazy Yiuf shouts!
Crazy Yiuf whimpers, "Shower dark shoe!"
You open the door. You hit Crazy Yiuf but do no damage.
Crazy Yiuf screams, "Two!"
Crazy Yiuf hits you with a +3 quarterstaff of chaos!
You resist with some effort.
You hit Crazy Yiuf.
Crazy Yiuf is lightly wounded.
Crazy Yiuf says, "Key hand sanguine!"
Crazy Yiuf barely misses you.
You hit Crazy Yiuf but do no damage.
Crazy Yiuf is lightly wounded.
Crazy Yiuf misses you.
You closely miss Crazy Yiuf.
Crazy Yiuf is lightly wounded.
Crazy Yiuf completely misses you.
You closely miss Crazy Yiuf.
Crazy Yiuf is lightly wounded.
You block Crazy Yiuf's attack.
You barely miss Crazy Yiuf.
Crazy Yiuf is lightly wounded.
Crazy Yiuf hits you with a +3 quarterstaff of chaos!
You are poisoned.
You barely miss Crazy Yiuf.
Crazy Yiuf is lightly wounded.
You feel very sick.
Crazy Yiuf hits you with a +3 quarterstaff of chaos!
* * * LOW HITPOINT WARNING * * *
You barely miss Crazy Yiuf.
Crazy Yiuf is lightly wounded.
* * * LOW HITPOINT WARNING * * *
You feel sick. Crazy Yiuf closely misses you.
You hit Crazy Yiuf.
Crazy Yiuf is lightly wounded.
* * * LOW HITPOINT WARNING * * *
You feel sick.
Crazy Yiuf hits you with a +3 quarterstaff of chaos.
You die...

## ###.# #...##
#....# ###....#
#######<....## ###
###.#..#......#
#...##..#..........#
#...g@####......####
#)..### ##.#.......
### ####.......
#....#..# #....# ..
#...... . ...##.. #.


You could see Crazy Yiuf.

Vanquished Creatures
  An orc wizard (D:3)
  2 adders
  3 gnolls (D:3)
  A white imp (D:3)
  A dart slug (D:2)
  8 orcs (D:3)
  6 ball pythons
  6 bats
  An endoplasm (D:1)
  2 giant cockroaches (D:3)
  5 hobgoblins
  8 kobolds
  3 quokkas
  A frilled lizard (D:3)
  9 goblins
  7 rats
64 creatures vanquished.

Notes
Turn   | Place    | Note
-------+----------+-------------------------------------------
     0 | D:1      | Grim the Formicid Fighter began the quest for the Orb.
     0 | D:1      | Reached XP level 1. HP: 18/18 MP: 1/1
    57 | D:1      | Reached XP level 2. HP: 22/24 MP: 2/2
   241 | D:1      | Found a faded altar of an unknown god.
   539 | D:1      | Found Gytis's Antique Weapon Emporium.
   570 | D:1      | Reached XP level 3. HP: 23/29 MP: 3/3
  1180 | D:2      | Found a hide-covered altar of Uskayaw.
  1505 | D:2      | Reached XP level 4. HP: 29/35 MP: 4/4
  1982 | D:3      | Found a broken altar of Ashenzari.
  2393 | D:3      | Reached XP level 5. HP: 41/41 MP: 5/5
  3293 | D:4      | Found a runed translucent door.
  3294 | D:4      | Noticed Crazy Yiuf
  3306 | D:4      | Slain by Crazy Yiuf

Illustrated notes

Levels and vault maps discovered:
D:1:      dpeg_arrival_court, layout_rooms, shapermc_ecumenical_altar_pompeii,
          serial_forest, infiniplex_forest_lined_room_,
          infiniplex_forest_lined_room_2, infiniplex_forest_split,
          infiniplex_forest_lined_corner, infiniplex_forest_lined_3_way,
          infiniplex_forest_end_2, infiniplex_forest_lined_3_way, serial_shops,
          shop, fountainhead, minmay_split_cup_large
D:2:      layout_loops_corners, basic_altar, corexii_item_surrounded_by_moat
D:3:      layout_basic, amcnicky_altar_gilded
D:4:      layout_cave_pools, portal_sewer_entry_f, serial_column_ruins,
          column_ruins_open_tiny, column_ruins_open_small,
          column_ruins_open_medium, column_ruins_open_small,
          minmay_splitting_lines, uniq_grinder, uniq_menkaure,
          uniq_crazy_yiuf_cottage, uniq_pargi

Skill      XL: |  1  2  3  4 |
---------------+-------------+-----
Shields        | 4 |  4.8
Polearms       | 3 4 |  4.6
Fighting       | |  3.2
Armour         | |  3.2

Action                   |  1- 3 |  4- 6 || total
-------------------------+-------+-------++-------
Melee: Trident           |   114 |   105 ||   219
 Abil: Dig               |     1 |       ||     1
Armor: Scale mail        |    45 |    29 ||    74
Dodge: Dodged            |    43 |    35 ||    78
Block: Buckler           |    13 |    10 ||    23

Table legend: (Time is in decaauts)
 A = Elapsed time spent in this place.
 B = Non-inter-level travel time spent in this place.
 C = Inter-level travel time spent in this place.
 D = Time resting spent in this place.
 E = Time spent auto-exploring this place.
 F = Levels seen in this place.
 G = Mean time per level.
                   A        B        C        D        E       F      G
               +--------+--------+--------+--------+--------+-----+--------+
         Total |   3333 |   3266 |     67 |    430 |   2309 |   4 |  833.2 |
       Dungeon |   3333 |   3266 |     67 |    430 |   2309 |   4 |  833.2 |
               +--------+--------+--------+--------+--------+-----+--------+

Top non-repeatable levels by time:
     D:3: 1445 daAuts
     D:1: 1078 daAuts
     D:2: 785 daAuts
     D:4: 24 daAuts
